AoeStats
← GreatArtichoke

Four Lakes

507376544Analyzed
1v1 RM · 25d ago on Sep 17, 2026· 59m 51s· 2 players
Game mode
Random Map
Map size
Tiny (2 player)
Population
200
Speed
Normal
Resources
Standard
Victory
Conquest
Starting age
Dark Age
Ending age
Imperial Age
RankedLock teamsTeams togetherTeam positionsShared explorationLock speedFull tech treeHidden civsTurbo modeCheats
Victory
Defeat
🇲🇽 Bohemians · Mexico
1046
+14
vs
🇺🇸 Saracens · United States
1003
-14
GreatArtichoke
11:14 Feudal Age
13:28 Double-Bit Axe
18:58 Castle Age
17:11 Stone Mining
17:09 Fishing Lines
19:21 Forging
19:20 Scale Barding Armor
21:15 Bow Saw
23:49 Loom
24:40 Wheelbarrow
25:25 Chain Barding Armor
25:03 Gold Mining
27:49 Gillnets
30:12 Iron Casting
30:17 Town Watch
31:18 Treadmill Crane
33:06 Hand Cart
34:11 Gold Shaft Mining
37:27 Imperial Age
35:25 Bimaristan
37:40 Onager
39:05 Conscription
39:42 Husbandry
39:53 Bloodlines
40:06 Scale Mail Armor
41:07 Blast Furnace
39:58 Heavy Camel Rider
40:17 Light Cavalry
42:48 Hussar
43:47 Elite Mameluke
iiggzz
4:13 Loom
10:59 Feudal Age
11:54 Horse Collar
11:59 Double-Bit Axe
22:04 Castle Age
22:04 Fishing Lines
24:02 Bow Saw
24:45 Heavy Plow
26:21 Wheelbarrow
28:14 Hand Cart
30:38 Chemistry
29:45 Fletching
30:58 Ballistics
30:49 Masonry
30:42 Elite Skirmisher
33:56 Imperial Age
33:57 Bodkin Arrow
34:02 Padded Archer Armor
35:30 Conscription
36:22 Leather Archer Armor
36:08 Bracer
43:09 Scale Mail Armor
43:45 Ring Archer Armor
43:42 Pikeman
50:47 Capped Ram
53:05 Chain Mail Armor
52:16 Halberdier
54:56 Plate Mail Armor
54:30 Squires
54:37 Town Watch
55:53 Husbandry
59:06 Treadmill Crane
59:47 Bombard Tower
59:58 Architecture
Connection lost

Rejoining the realm…

Still unreachable

The connection could not be restored.

Session expired

The server has moved on; the page needs a fresh start.